[Event "Team 45 45 League T28"]
[Site "Internet Chess Club"]
[Date "2005.09.18"]
[Round "1"]
[White "wojozim"]
[Black "AVEMARIA"]
[Result "1-0"]
[WhiteElo "1511"]
[BlackElo "1546"]
[TimeControl "2700+45"]

1. e4 e6 2. d3 c5 3. Nf3 d5 4. Nbd2 Nc6 5. g3 b6 6. Bg2 Bb7 7. O-O Bd6 8. Re1
Nge7 9. Nf1 O-O 10. h4 Qc7 11. N1h2 Rad8 12. Qe2 dxe4 13. dxe4 Ng6 14. Ng4 Nge5
15. Ngxe5 Nxe5 16. Bd2 Nxf3+ 17. Bxf3 Bxg3 18. fxg3 Qxg3+ 19. Bg2 Ba6 20. Qe3
Qxh4 21. Rad1 Qg4 22. Qf3 Qg6 23. Bc3 Bb7 24. Kf2 f5 25. Rxd8 Rxd8 26. exf5
Qxg2+ 27. Qxg2 Bxg2 28. Kxg2 exf5 29. Re7 Kf8 30. Rxg7 Rd2+ 31. Kf3 Rxc2 32.
Rxh7 Rc1 33. Rxa7 b5 34. a3 Rf1+ 35. Ke3 f4+ 36. Ke2 Rh1 37. Rb7 b4 38. Bxb4
cxb4 39. Rxb4 Rb1 {Black resigns} 1-0

[Event "Team 45 45 League T28"]
[Site "Internet Chess Club"]
[Date "2005.09.17"]
[Round "1"]
[White "GadsHill"]
[Black "Creecher"]
[Result "1-0"]
[WhiteElo "1595"]
[BlackElo "1369"]
[TimeControl "2700+45"]

1. d4 d6 2. c4 Nf6 3. Nc3 Bg4 4. f3 Bh5 5. e4 Nc6 6. Nge2 e5 7. d5 Nb8 8. Ng3
Bg6 9. Be2 Nh5 10. Nxh5 Bxh5 11. O-O h6 12. Be3 Be7 13. b4 c6 14. Rc1 O-O 15. a3
cxd5 16. cxd5 Nd7 17. Nb5 Bg5 18. Bxg5 Qxg5 19. Nxd6 b6 20. Ba6 Qe3+ 21. Kh1
Qxa3 22. Bb7 Rab8 23. Rc7 Rfd8 24. Qd2 a5 25. bxa5 Qxd6 26. Rc6 Qa3 27. a6 Nc5
28. Rxb6 Nxb7 29. axb7 Rd7 30. Rfb1 Qe7 31. Qc3 Rdd8 32. Qc6 Qd7 33. Qc3 f6 34.
Qb4 Be8 35. Re6 Qc7 36. Re7 Rd7 37. Rxe8+ Rxe8 38. b8=Q Rxb8 39. Qxb8+ Qxb8 40.
Rxb8+ Kf7 41. Rb2 Ra7 42. Kg1 Ke7 43. Kf2 Kd6 44. Kg3 Rf7 45. f4 Re7 46. Rb6+
Kc5 47. Re6 Rxe6 48. dxe6 Kd6 49. f5 Ke7 50. Kg4 g6 51. h4 h5+ 52. Kf3 g5 53. g3
Kd6 54. Ke3 Ke7 55. Kd3 Kd6 56. Kc4 g4 57. Kb5 Kc7 58. Kc5 {Black resigns} 1-0 
f5(345): he is fighting, but no real progress yet

[Event "Team 45 45 League T28"]
[Site "Internet Chess Club"]
[Date "2005.09.17"]
[Round "1"]
[White "WhoKilledJFK"]
[Black "orkid"]
[Result "1-0"]
[WhiteElo "1870"]
[BlackElo "1776"]
[TimeControl "2700+45"]

1. e4 c5 2. Nf3 Nc6 3. Bb5 Qb6 4. Bxc6 Qxc6 5. Nc3 d6 6. O-O Be6 7. d4 cxd4 8.
Nxd4 Qd7 9. Be3 Nf6 10. Kh1 Ng4 11. Bg5 Bc4 12. Nce2 h6 13. Bh4 g5 14. Bg3 Bg7
15. c3 O-O 16. b3 Ba6 17. Rc1 Ne5 18. c4 b6 19. Nf5 Rfd8 20. f4 Ng6 21. Nxg7
Kxg7 22. Qd4+ f6 23. Rcd1 Qc7 24. Qd3 Rac8 25. Nd4 Kf7 26. Nf5 Rh8 27. Qd5+ Ke8
28. Ng7+ Kd7 29. Qf5+ {Black resigns} 1-0

[Event "Team 45 45 League T28"]
[Site "Internet Chess Club"]
[Date "2005.09.17"]
[Round "1"]
[White "Lyko"]
[Black "Avedldesierto"]
[Result "0-1"]
[WhiteElo "1558"]
[BlackElo "1666"]
[TimeControl "2700+45"]

1. e4 e5 2. Nf3 Nc6 3. Bb5 Nge7 4. O-O g6 5. c3 Bg7 6. d4 exd4 7. cxd4 a6 8. Ba4
O-O 9. Be3 d6 10. Qd2 Bg4 11. Nh4 b5 12. Bb3 d5 13. exd5 Nxd5 14. g3 Bf6 15. Ng2
Bf3 16. Nc3 Qd7 17. Bxd5 Bxd5 18. Nxd5 Qxd5 19. Rfd1 Rad8 20. Nf4 Qd7 21. d5 Ne5
22. Qe2 Nc4 23. Bd4 Rfe8 24. Qc2 Bxd4 25. Rxd4 Ne5 26. Rc1 Nf3+ 27. Kg2 Nxd4 28.
Qxc7 Qxc7 29. Rxc7 Ne2 30. Ra7 Nxf4+ 31. gxf4 Rd6 {White resigns} 0-1

[Event "Team 45 45 League T28"]
[Site "Internet Chess Club"]
[Date "2005.09.17"]
[Round "1"]
[White "MoluscoGrotesco"]
[Black "bonecore"]
[Result "1-0"]
[WhiteElo "1664"]
[BlackElo "1520"]
[TimeControl "2700+45"]

1. f4 d5 2. Nf3 c5 3. e3 Nc6 4. Be2 Nf6 5. O-O e6 6. c3 Bd6 7. d4 c4 8. Bd2 Ne4
9. Be1 b5 10. Nbd2 f5 11. Bh4 Be7 12. Bxe7 Qxe7 13. Nxe4 fxe4 14. Ne5 Bb7 15. a4
Nxe5 16. fxe5 b4 17. a5 b3 18. Bg4 O-O-O 19. a6 Bc6 20. Ra5 Bd7 21. Rc5+ Kb8 22.
Qa1 Rc8 23. Qa5 h5 24. Qb4+ Bb5 25. Qxb5+ Ka8 26. Rxc8+ Rxc8 27. Bxe6 {Black
resigns} 1-0

[Event "Team 45 45 League T28"]
[Site "Internet Chess Club"]
[Date "2005.09.19"]
[Round "1"]
[White "UneasyKing"]
[Black "Tomate"]
[Result "1-0"]
[WhiteElo "1441"]
[BlackElo "1358"]
[TimeControl "2700+45"]

1. e4 c5 2. d4 cxd4 3. c3 dxc3 4. Nxc3 Nc6 5. Bc4 Nf6 6. Qb3 e6 7. Bg5 Na5 8.
Qa4 Nxc4 9. Qxc4 Be7 10. Nf3 O-O 11. O-O h6 12. Bh4 Nh5 13. Bxe7 Qxe7 14. Rad1
a6 15. e5 b5 16. Qe4 Ra7 17. Qd4 f5 18. Qxa7 Qb4 19. Rd2 Nf4 20. Qd4 Qxd4 21.
Rxd4 g5 22. a4 Rd8 23. axb5 axb5 24. Nxb5 Ne2+ 25. Kh1 Nxd4 26. Nfxd4 Ba6 27.
Ra1 Bxb5 28. Nxb5 Rb8 29. Ra5 Rb6 30. g3 Kf7 31. Nd6+ Kg6 32. Rb5 Rc6 33. Rb7
Rc2 34. b4 Rxf2 35. b5 f4 36. gxf4 gxf4 37. Rb8 f3 38. Rg8+ Kh5 39. b6 Kh4 40.
b7 Kh3 41. Rg3+ Kh4 42. b8=Q Rf1+ 43. Rg1 Rf2 44. Qg8 {Black resigns} 1-0

[Event "Team 45 45 League T28"]
[Site "Internet Chess Club"]
[Date "2005.09.17"]
[Round "1"]
[White "kevinfons"]
[Black "houseofcook"]
[Result "1-0"]
[WhiteElo "1447"]
[BlackElo "1366"]
[TimeControl "2700+45"]

1. c4 Nf6 2. Nc3 g6 3. d3 Bg7 4. e4 d6 5. Nf3 O-O 6. Be2 c5 7. O-O Nc6 8. a3 a6
9. Rb1 Rb8 10. Nd5 b5 11. b4 bxc4 12. Nxf6+ Bxf6 13. dxc4 Bd7 14. Bh6 Re8 15. b5
axb5 16. cxb5 Na5 17. a4 Be6 18. Qc2 c4 19. Rfd1 Qc7 20. Nd4 Bd7 21. Bf3 e5 22.
Ne2 Be6 23. Nc3 g5 24. Nd5 Bxd5 25. exd5 Bh8 26. Bxg5 f6 27. Be3 Bg7 28. Bg4 Nb3
29. Be6+ Kf8 30. Rxb3 Rb7 31. Rc3 {Black resigns} 1-0

[Event "Team 45 45 League T28"]
[Site "Internet Chess Club"]
[Date "2005.09.18"]
[Round "1"]
[White "mjallen"]
[Black "Manimal007"]
[Result "1-0"]
[WhiteElo "1274"]
[BlackElo "1333"]
[TimeControl "2700+45"]

1. d4 Nf6 2. c4 g6 3. Nc3 Bg7 4. e4 d6 5. Nf3 O-O 6. Be2 e5 7. d5 h6 8. O-O Bd7
9. b3 c6 10. Ba3 Qe7 11. dxc6 Nxc6 12. Bxd6 Qd8 13. Bxf8 Bxf8 14. Re1 Qa5 15.
Nd5 Nxe4 16. Bd3 Nc5 17. Nf6+ Kh8 18. Nxe5 Nxd3 19. Qxd3 Nxe5 20. Qd4 Rd8 21.
Qxe5 Qxe5 22. Rxe5 Bg7 23. Rd5 Bxf6 24. Rad1 Re8 25. Rxd7 Re2 26. Rxf7 Bg7 27.
g3 {Black resigns} 1-0

[Event "Team 45 45 League T28"]
[Site "Internet Chess Club"]
[Date "2005.09.17"]
[Round "1"]
[White "Schach-Prinz"]
[Black "NineMilly"]
[Result "0-1"]
[WhiteElo "1285"]
[BlackElo "1234"]
[TimeControl "2700+45"]

1. c4 e5 2. e4 c5 3. Nf3 Nc6 4. Nc3 Nf6 5. d3 h6 6. Be2 d6 7. Qa4 Bd7 8. Qb3 Qb6
9. Qc2 Be7 10. O-O Nd4 11. Nxd4 cxd4 12. Nd5 Nxd5 13. exd5 Rc8 14. b3 Bf5 15. f3
O-O 16. Kh1 Rc5 17. Bd2 a5 18. a3 Qd8 19. b4 axb4 20. Bxb4 Rc8 21. Rfb1 Qd7 22.
Rb3 Qa4 23. Rab1 Rc7 24. Qd2 Bg5 25. Qe1 Qd7 26. Ba5 Rcc8 27. Rxb7 Qa4 28. Bb4
Rfd8 29. Ba5 Re8 30. Ra1 Qc2 31. Rd1 Be3 32. Qh4 Qxe2 33. Re1 Qxd3 34. Qh5 Bg6
35. Qg4 Rxc4 36. Reb1 Rc1+ 37. Rxc1 Bxc1 38. h3 Qf1+ 39. Kh2 Bf4+ 40. g3 Qf2+
41. Kh1 Be3 {White resigns} 0-1

[Event "Team 45 45 League T28"]
[Site "Internet Chess Club"]
[Date "2005.09.17"]
[Round "1"]
[White "PocketChange"]
[Black "Tom45"]
[Result "1-0"]
[WhiteElo "1180"]
[BlackElo "1079"]
[TimeControl "2700+45"]

1. e4 e5 2. Nf3 Nc6 3. Bb5 Nf6 4. Nc3 Bc5 5. Bxc6 dxc6 6. Nxe5 O-O 7. O-O Qe7 8.
d4 Bd6 9. f4 b6 10. Nxc6 Bg4 11. Nxe7+ Bxe7 12. Qd3 Rad8 13. Nb5 c5 14. Nxa7
Rxd4 15. Qb5 Nxe4 16. Qxb6 Rfd8 17. Nc6 Bf6 18. Nxd8 Rxd8 19. Be3 h6 20. Bxc5
Rd2 21. Rae1 Be2 22. Rf2 Nxf2 23. Kxf2 Bh4+ 24. g3 Bh5+ 25. Kf1 Bf6 26. Re8+ Kh7
27. c3 Rxh2 28. Bd4 Rh1+ 29. Kg2 Rd1 30. Bxf6 Rd2+ 31. Kh3 gxf6 32. Qxf6 {Black
resigns} 1-0

[Event "Team 45 45 League T28"]
[Site "Internet Chess Club"]
[Date "2005.09.14"]
[Round "1"]
[White "Knight-Rookie"]
[Black "G11825"]
[Result "1-0"]
[WhiteElo "1339"]
[BlackElo "1233"]
[TimeControl "2700+45"]

1. e4 e5 2. Nf3 Nc6 3. Bb5 a6 4. Ba4 Nf6 5. d3 Bc5 6. O-O d6 7. Bg5 Be6 8. Nc3
O-O 9. Nd5 Bxd5 10. exd5 Nd4 11. Nd2 c6 12. dxc6 bxc6 13. Ne4 d5 14. Nxf6+ gxf6
15. Bh4 Qa5 16. Bb3 Qd8 17. Qg4+ Kh8 18. c3 Rg8 19. Qh3 Ne2+ 20. Kh1 Nf4 21. Qf5
Be7 22. Bc2 Rxg2 23. Bg3 Rxg3 24. hxg3 Ne6 25. d4 e4 26. f3 Ng7 27. Qh3 f5 28.
fxe4 dxe4 29. Kg2 Qd5 30. Bb3 e3+ 31. Bxd5 f6 32. Rh1 h5 33. Bf7 Rf8 34. Bxh5
Kg8 35. Bf3 Kf7 36. Bxc6 Ke6 37. d5+ Kd6 38. b4 Kc7 39. Qh7 Bd6 40. Qxg7+ Kd8
41. Qd7# {Black checkmated} 1-0

[Event "Team 45 45 League T28"]
[Site "Internet Chess Club"]
[Date "2005.09.15"]
[Round "1"]
[White "PaleMorningDun"]
[Black "jientho"]
[Result "1-0"]
[WhiteElo "1280"]
[BlackElo "1301"]
[TimeControl "2700+45"]

1. e4 e5 2. Nf3 Nf6 3. Nxe5 Bd6 4. Nf3 Nxe4 5. d4 O-O 6. Bd3 Re8 7. O-O Bb4 8.
c3 Ba5 9. Re1 d5 10. Bxe4 Rxe4 11. Rxe4 dxe4 12. Ne5 Be6 13. Bf4 f6 14. Ng4 Qd7
15. h3 Nc6 16. Nd2 Re8 17. Ne3 Bf7 18. b4 Bxb4 19. cxb4 Nxd4 20. a3 b5 21. Rc1
Ne6 22. Bg3 Bg6 23. Nb3 Qf7 24. Nc5 f5 25. Nxe6 f4 26. Rxc7 fxg3 27. Rxf7 Bxf7
28. Ng5 gxf2+ 29. Kxf2 Bc4 30. Qh5 Rf8+ 31. Kg3 h6 32. Nxe4 Bd3 33. Qd5+ {Black
resigns} 1-0

[Event "Team 45 45 League T28"]
[Site "Internet Chess Club"]
[Date "2005.09.18"]
[Round "1"]
[White "hotzoddy"]
[Black "Mutaant"]
[Result "0-1"]
[WhiteElo "1283"]
[BlackElo "1306"]
[TimeControl "2700+45"]

1. e4 e5 2. Nf3 Nc6 3. Nc3 Bc5 4. Bc4 d6 5. d3 h6 6. a3 Nf6 7. O-O Bg4 8. Bd2
Nd4 9. Nd5 c6 10. Nc3 O-O 11. Re1 Nh5 12. Be3 Qf6 13. Bxd4 Bxd4 14. Rf1 Bxf3 15.
Qxf3 Qxf3 16. gxf3 Nf4 17. Rfe1 Nh3+ 18. Kg2 Nf4+ 19. Kg1 Kh8 20. Rab1 Rad8 21.
Ne2 Nxe2+ 22. Rxe2 f5 23. c3 Bc5 24. b4 Bb6 25. Rd1 f4 26. d4 Rf6 27. Kh1 Rg6
28. Rg1 Rxg1+ 29. Kxg1 exd4 30. cxd4 Bxd4 31. Rd2 c5 32. Bd5 b6 33. bxc5 dxc5
34. h4 g6 35. Kh2 Kg7 36. h5 gxh5 37. Kh3 Bf6 38. Rd1 Bg5 39. e5 b5 40. e6 b4
41. axb4 cxb4 42. Bb3 Rxd1 43. Bxd1 Kf6 44. Bb3 Ke7 45. Kg2 a5 46. Kf1 a4 47.
Bxa4 Kxe6 48. Bb3+ Kd6 49. Ke2 Kc5 50. Kd3 Bf6 51. Ke4 Bg5 {White resigns} 0-1

[Event "Team 45 45 League T28"]
[Site "Internet Chess Club"]
[Date "2005.09.17"]
[Round "1"]
[White "pk4"]
[Black "slakkjaw"]
[Result "1/2-1/2"]
[WhiteElo "1223"]
[BlackElo "1164"]
[TimeControl "2700+45"]

1. e4 e5 2. Nf3 Nc6 3. Bb5 Nf6 4. Bxc6 dxc6 5. Nxe5 Qe7 6. Nf3 Qxe4+ 7. Qe2
Qxe2+ 8. Kxe2 Bg4 9. h3 Bxf3+ 10. Kxf3 O-O-O 11. g3 Bd6 12. d3 h6 13. a3 b6 14.
Nc3 Kb7 15. Re1 Nd5 16. Bd2 g5 17. Re2 f5 18. Nxd5 cxd5 19. Rh1 Rdg8 20. Bc3 Rh7
21. Rhe1 g4+ 22. hxg4 fxg4+ 23. Kg2 c5 24. Be5 Rg6 25. Bxd6 Rxd6 26. Re7+ Rd7
27. Rxd7+ Rxd7 28. Re5 Kc6 29. Re6+ Rd6 30. Re5 a5 31. Kf1 Rf6 32. Ke2 d4 33.
Re4 h5 34. Re5 Rh6 35. f4 h4 36. gxh4 Rxh4 37. Re6+ Kb5 38. f5 g3 39. Rg6 Rh2+
40. Kf3 Rf2+ 41. Kxg3 Rxf5 42. Kg2 Re5 43. Kf2 Re8 44. Rg4 Ka4 45. Re4 Rxe4 46.
dxe4 Kb5 47. Ke2 Kc6 48. Kd3 b5 49. c3 dxc3 50. Kxc3 a4 51. Kd3 Kd6 52. Kc3 Ke5
53. b3 axb3 54. Kxb3 c4+ 55. Kc3 Kxe4 56. a4 Kd5 57. axb5 Kc5 58. b6 Kc6 59. b7
Kxb7 60. Kxc4 {Game drawn because neither player has mating material} 1/2-1/2

[Event "Team 45 45 League T28"]
[Site "Internet Chess Club"]
[Date "2005.09.19"]
[Round "1"]
[White "charles-allen"]
[Black "PostMike"]
[Result "1-0"]
[WhiteElo "1599"]
[BlackElo "1586"]
[TimeControl "2700+45"]

1. e4 c5 2. d4 cxd4 3. c3 dxc3 4. Nxc3 Nc6 5. Nf3 g6 6. Bc4 Bg7 7. O-O Nf6 8. e5
Ng4 9. Bxf7+ Kf8 10. Bb3 Ngxe5 11. Bf4 e6 12. Nxe5 {Black resigns} 1-0

[Event "Team 45 45 League T28"]
[Site "Internet Chess Club"]
[Date "2005.09.18"]
[Round "1"]
[White "martineden"]
[Black "TheBrewer"]
[Result "0-1"]
[WhiteElo "1715"]
[BlackElo "1580"]
[TimeControl "2700+45"]

1. d4 d5 2. c4 dxc4 3. Nf3 Nf6 4. Nc3 e6 5. Bg5 c5 6. Qa4+ Nc6 7. dxc5 Bxc5 8.
Qxc4 Qb6 9. e3 Be7 10. Be2 O-O 11. O-O Qb4 12. Qxb4 Nxb4 13. a3 Nbd5 14. Rac1 h6
15. Bh4 g5 16. Bg3 Nxc3 17. Rxc3 Ne4 18. Rc2 Nxg3 19. hxg3 Bf6 20. Nd2 Bd7 21.
Ne4 Bg7 22. Bf3 Rab8 23. Nd6 Ba4 24. Rd2 b6 25. Bh5 Rbd8 26. f4 Bxb2 27. fxg5
hxg5 28. Bxf7+ Rxf7 29. Rxf7 Rxd6 30. Rdf2 a5 31. Rf8+ Kg7 32. R2f7+ Kg6 33. Rb7
Bxa3 34. g4 Rd1+ 35. Kh2 Bxf8 {White resigns} 0-1

[Event "Team 45 45 League T28"]
[Site "Internet Chess Club"]
[Date "2005.09.17"]
[Round "1"]
[White "bmw2002"]
[Black "EquesQuartus"]
[Result "0-1"]
[WhiteElo "1540"]
[BlackElo "1626"]
[TimeControl "2700+45"]

1. c4 g6 2. Nc3 Bg7 3. g3 e5 4. Bg2 d6 5. Nf3 f5 6. d3 c6 7. Rb1 a5 8. O-O Nf6
9. Qc2 Na6 10. a3 Bd7 11. Nd2 Rb8 12. Nb3 O-O 13. Bg5 Kh8 14. Rfd1 h6 15. Bc1
Qe7 16. Nxa5 Rfc8 17. Nb3 b5 18. Nd2 bxc4 19. dxc4 Be6 20. b4 Qe8 21. e4 d5 22.
exd5 cxd5 23. c5 d4 24. Na4 d3 25. Qxd3 Qxa4 26. Nb3 e4 27. Qd6 Bxb3 28. Rd2 Bc2
29. Rb2 Bd3 30. Rxd3 exd3 31. Bxh6 Qd7 {White forfeits on time} 0-1

[Event "Team 45 45 League T28"]
[Site "Internet Chess Club"]
[Date "2005.09.19"]
[Round "1"]
[White "tryanything"]
[Black "fredd"]
[Result "1-0"]
[WhiteElo "1540"]
[BlackElo "1547"]
[TimeControl "2700+45"]

1. d4 d5 2. c4 dxc4 3. e4 e6 4. Bxc4 g6 5. Nf3 Bg7 6. O-O Nc6 7. Be3 Nge7 8. Nc3
O-O 9. Qd2 e5 10. d5 Nb8 11. Rfd1 Bg4 12. Be2 Nd7 13. Rac1 Nb6 14. Nb5 c6 15.
dxc6 Nxc6 16. Nd6 Qc7 17. Nb5 Qc8 18. Bxb6 axb6 19. a3 Rd8 20. Qxd8+ Qxd8 21.
Rxd8+ Rxd8 22. h3 Bd7 23. Rd1 Ne7 24. Nd6 Bc6 25. Ng5 f6 26. Bc4+ Nd5 27. Ngf7
Rd7 28. exd5 Ba4 29. b3 Rxf7 30. Nxf7 Bd7 31. d6 b5 32. Nxe5+ {Black resigns}
1-0

[Event "Team 45 45 League T28"]
[Site "Internet Chess Club"]
[Date "2005.09.16"]
[Round "1"]
[White "SpeedBlade"]
[Black "Fineas-Fogg"]
[Result "1-0"]
[WhiteElo "1481"]
[BlackElo "1432"]
[TimeControl "2700+45"]

1. c4 Nf6 2. g3 e6 3. Bg2 d5 4. d4 b6 5. Nf3 Bb7 6. O-O Bd6 7. Bg5 Nbd7 8. cxd5
exd5 9. Nc3 h6 10. Bf4 Qe7 11. Bxd6 Qxd6 12. Nb5 Qc6 13. a4 O-O 14. Rc1 Qe6 15.
Nxc7 Qe7 16. Nxa8 Bxa8 17. Rc7 Re8 18. e3 Ne4 19. Ne5 Rd8 20. Nxd7 Rxd7 21. Rxd7
Qxd7 22. Bxe4 dxe4 23. Qc2 Qh3 24. Rc1 Kh7 25. Qc8 Qxc8 26. Rxc8 Bd5 27. b4 Bc4
28. Rxc4 {Black resigns} 1-0

[Event "Team 45 45 League T28"]
[Site "Internet Chess Club"]
[Date "2005.09.18"]
[Round "1"]
[White "Conjurer"]
[Black "EyeAm"]
[Result "0-1"]
[WhiteElo "1283"]
[BlackElo "1361"]
[TimeControl "2700+45"]

1. e4 e5 2. Nf3 Nf6 3. Nxe5 d6 4. Nf3 Nxe4 5. d4 d5 6. Bd3 Be7 7. O-O O-O 8. Nc3
Nxc3 9. bxc3 Bg4 10. Rb1 b6 11. c4 Nc6 12. Be2 Re8 13. Ne5 Bxe2 14. Nxc6 Bxd1
15. Nxd8 Raxd8 16. Rxd1 dxc4 17. Bf4 c5 18. d5 Bd6 19. g3 Bxf4 20. gxf4 Re4 21.
d6 Rxf4 22. Rd5 Rd4 23. Rd1 Rxd1+ 24. Rxd1 Kf8 25. a4 Ke8 26. a5 Kd7 27. Rd5 Kc6
28. Rf5 f6 29. axb6 axb6 30. Rh5 h6 31. Rh4 Rxd6 32. Rxc4 Kb5 33. Rg4 Rd7 34.
Kf1 c4 35. c3 Kc5 36. h4 b5 37. h5 b4 38. Rd4 Rxd4 39. cxd4+ Kxd4 40. Ke1 Kd3
41. Kd1 c3 42. Kc1 b3 43. f4 b2+ 44. Kb1 Kd2 45. f5 c2+ 46. Kxb2 c1=Q+ 47. Ka2
Qc5 48. Kb3 Kd3 49. Ka2 Qb4 50. Ka1 Kc2 51. Ka2 Qb2# {White checkmated} 0-1

[Event "Team 45 45 League T28"]
[Site "Internet Chess Club"]
[Date "2005.09.16"]
[Round "1"]
[White "Gomer"]
[Black "QuaqQuao"]
[Result "1/2-1/2"]
[WhiteElo "1285"]
[BlackElo "1313"]
[TimeControl "2700+45"]

1. e4 e5 2. Bc4 Bc5 3. d3 Nf6 4. Nc3 c6 5. Nf3 d6 6. Ng5 O-O 7. Nxf7 Rxf7 8.
Bxf7+ Kxf7 9. O-O Be6 10. Na4 Nbd7 11. Nxc5 Nxc5 12. f4 Qb6 13. Kh1 h6 14. fxe5
dxe5 15. Qh5+ Ke7 16. Qg6 Rg8 17. Bxh6 gxh6 18. Qxf6+ Kd7 19. Qxe5 Rg5 20. Qf6
Qd8 21. Qxh6 Qg8 22. Rg1 Rg6 23. Qh4 Rg4 24. Qf2 b6 25. b3 Na6 26. Raf1 c5 27.
c4 Nb4 28. h3 Qh8 29. Qf8 Rg8 30. Qf3 Qd4 31. a3 Nc2 32. Qf2 Ne3 33. Re1 Ng4 34.
Qxd4+ cxd4 35. g3 Nf2+ 36. Kh2 Bxh3 37. Re2 Ng4+ 38. Kxh3 Ne3 39. Rxe3 dxe3 40.
Re1 Ke6 41. Rxe3 Ke5 42. a4 Kd4 43. Rf3 Rg7 44. b4 Kc3 45. c5 Kxb4 46. cxb6 axb6
47. d4 Kxa4 48. e5 Re7 49. Kh4 Kb4 50. g4 Kc4 51. Rf4 b5 52. g5 b4 53. d5+ Kxd5
54. Rxb4 Kxe5 55. Kh5 Kf5 56. Rb5+ Ke6 57. Kh6 Rf7 58. g6 Rf1 59. Rg5 Kf6 60. g7
Rh1+ {Game drawn by mutual agreement} 1/2-1/2

[Event "Team 45 45 League T28"]
[Site "Internet Chess Club"]
[Date "2005.09.16"]
[Round "1"]
[White "DayDream01"]
[Black "JimGaming"]
[Result "0-1"]
[WhiteElo "1058"]
[BlackElo "1292"]
[TimeControl "2700+45"]

1. d4 d5 2. c4 c6 3. Nc3 e6 4. e3 dxc4 5. Bxc4 b5 6. Bd3 a6 7. Nf3 Nd7 8. e4 h6
9. O-O Bd6 10. Re1 Ne7 11. e5 Bc7 12. Bf4 O-O 13. Qc2 f5 14. exf6 Nxf6 15. Bxc7
Qxc7 16. Ne4 Ned5 17. Nc5 Re8 18. Re2 Nb4 19. Qd2 Nxd3 20. Nxd3 Nd5 21. Rc1 Bb7
22. Qe1 Nf4 23. Re3 Nxd3 24. Rxd3 Qf4 25. g3 Qd6 26. Ne5 a5 27. Rf3 Rf8 28. Qe4
Rxf3 29. Nxf3 Qd5 30. Qg4 Rf8 31. Rc5 Qxf3 32. Qxe6+ Kh8 33. Rc2 Qd1+ 34. Kg2
Qxc2 35. Qe3 c5+ 36. Kh3 Qf5+ 37. Kh4 Bg2 38. g4 Qf6+ 39. Kg3 Bd5 40. f4 cxd4
41. Qf2 Bxa2 42. h4 Bc4 43. h5 d3 44. g5 hxg5 45. h6 gxf4+ 46. Kg2 Qg5+ {White
resigns} 0-1

[Event "Team 45 45 League T28"]
[Site "Internet Chess Club"]
[Date "2005.09.15"]
[Round "1"]
[White "jerry813"]
[Black "terrencevane"]
[Result "1-0"]
[WhiteElo "1187"]
[BlackElo "714"]
[TimeControl "2700+45"]

1. f4 d5 2. e3 Nf6 3. Be2 Bf5 4. Nf3 e6 5. O-O g6 6. b3 Bc5 7. Bb2 Nbd7 8. Ng5
O-O 9. g4 h6 10. gxf5 Qe7 11. Nf3 e5 12. fxe5 Nxe5 13. Nxe5 Qxe5 14. Bxe5 c6 15.
Bxf6 Rfe8 16. d4 b6 17. fxg6 fxg6 18. dxc5 bxc5 19. Ba6 Rab8 20. Bd3 Re6 21.
Bxg6 Rxf6 22. Rxf6 Kh8 23. Qh5 Rg8 24. Qxh6# {Black checkmated} 1-0

[Event "Team 45 45 League T28"]
[Site "Internet Chess Club"]
[Date "2005.09.14"]
[Round "1"]
[White "Tomate"]
[Black "engeln"]
[Result "1-0"]
[WhiteElo "1371"]
[BlackElo "1409"]
[TimeControl "2700+45"]

1. e4 e5 2. Nf3 d6 3. d4 exd4 4. Nxd4 Nf6 5. Nc3 Be7 6. Bg5 O-O 7. Qd2 Nc6 8.
O-O-O a6 9. g3 Ne5 10. Be2 c5 11. Nf3 Neg4 12. Bf1 Qc7 13. h3 Ne5 14. Nxe5 dxe5
15. Bg2 Be6 16. f4 b5 17. Kb1 c4 18. fxe5 Qxe5 19. Bf4 Qh5 20. e5 Nd7 21. Bxa8
Rxa8 22. Nd5 Bc5 23. Nc7 Ra7 24. Qa5 Bb6 25. Qxb6 Qxd1+ 26. Rxd1 Rxc7 27. Qxc7
Nf8 28. g4 h6 29. Rd6 Ng6 30. Bg3 b4 31. Rxa6 b3 32. Ra8+ Kh7 33. Qd8 f6 34.
exf6 h5 35. fxg7 Kxg7 36. Ra7+ Kh6 37. Qd2+ Nf4 38. Qxf4+ Kg6 39. Ra6 bxc2+ 40.
Kxc2 hxg4 41. Rxe6+ Kh5 42. Qxg4# {Black checkmated} 1-0

[Event "Team 45 45 League T28"]
[Site "Internet Chess Club"]
[Date "2005.09.18"]
[Round "1"]
[White "cazj"]
[Black "nona"]
[Result "1-0"]
[WhiteElo "1366"]
[BlackElo "1513"]
[TimeControl "2700+45"]

1. e4 d5 2. exd5 Nf6 3. c4 c6 4. dxc6 Nxc6 5. Nf3 Bg4 6. Be2 e5 7. d3 Bc5 8. Bg5
Qb6 9. O-O O-O-O 10. Nxe5 Bxe2 11. Qxe2 Rhe8 12. Bxf6 gxf6 13. Qg4+ Kc7 14. Nxc6
Qxc6 15. Qf5 Rg8 16. Qe4 Qb6 17. Nc3 Rd4 18. Qxd4 Bxd4 19. Nd5+ {Black resigns}
1-0

[Event "Team 45 45 League T28"]
[Site "Internet Chess Club"]
[Date "2005.09.17"]
[Round "1"]
[White "Dalcon"]
[Black "Midwest-Rook"]
[Result "0-1"]
[WhiteElo "1217"]
[BlackElo "1209"]
[TimeControl "2700+45"]

1. e4 e5 2. Nf3 Nc6 3. Bb5 Bc5 4. c3 h6 5. Bxc6 dxc6 6. Nxe5 Qe7 7. d4 Bb6 8.
O-O c5 9. Bf4 cxd4 10. cxd4 Qb4 11. a3 Qxb2 12. Nd2 Qxd4 13. Ndf3 Qc5 14. Qd5
Qxd5 15. exd5 Nf6 16. Rfd1 Ne4 17. Be3 Bxe3 18. fxe3 O-O 19. Rac1 f6 20. Ng6 Rf7
21. Rd4 Bf5 22. Nf4 Nd6 23. Ne6 Nb5 24. Rb4 a6 25. e4 Bxe6 26. dxe6 Re7 27. Nd4
Nxd4 28. Rxd4 Rc8 29. Rd7 Rxe6 30. Rdxc7 Rxc7 31. Rxc7 Rxe4 32. Rxb7 Re3 33. Rb4
Rxa3 34. Kf2 a5 35. Rb5 a4 36. Ra5 Kf7 37. g3 g5 38. g4 Kg6 39. Ke2 h5 40. gxh5+
Kxh5 41. Kd2 Ra2+ 42. Kc3 Rxh2 43. Rxa4 Rh3+ 44. Kd2 g4 45. Ke2 Kh4 46. Kf2 Rh2+
47. Kg1 Kh3 48. Ra3+ g3 49. Rf3 Rd2 50. Rxf6 Rd1+ 51. Rf1 Rxf1+ 52. Kxf1 Kh2
{White resigns} 0-1

[Event "Team 45 45 League T28"]
[Site "Internet Chess Club"]
[Date "2005.09.15"]
[Round "1"]
[White "rpgrossman"]
[Black "GLuft"]
[Result "1-0"]
[WhiteElo "1009"]
[BlackElo "1149"]
[TimeControl "2700+45"]

1. e4 e6 2. d4 d5 3. Nc3 c5 4. Bb5+ Bd7 5. Bxd7+ Qxd7 6. dxc5 Bxc5 7. exd5 Nf6
8. dxe6 Qxe6+ 9. Qe2 Ke7 10. Nb5 Nd5 11. c4 Bb4+ 12. Bd2 Bxd2+ 13. Kxd2 Qxe2+
14. Nxe2 Rd8 15. cxd5 Rxd5+ 16. Ned4 Rc5 17. Rhe1+ Kf6 18. Rac1 Nd7 19. Nc7 Rc8
20. Nd5+ Rxd5 21. Rxc8 Rxd4+ 22. Ke2 Nb6 23. Rc7 Nd5 24. Rxb7 Nf4+ 25. Kf1 Ra4
26. Ree7 Rxa2 27. Rxf7+ Kg5 28. Rxg7+ Ng6 29. Rxh7 Ra1+ 30. Ke2 Nf4+ 31. Kf3 Nd3
32. Rxa7 Ne5+ 33. Ke4 Re1+ 34. Kd5 Ng4 35. Rae7 Nf6+ 36. Kc6 Rc1+ 37. Kb7 Nxh7
38. Rxh7 Rc2 39. h4+ Kg6 40. Rc7 Rxb2+ 41. Kc8 Rxf2 42. g4 Rf6 43. h5+ Kg5 44.
Rg7+ Kh4 45. g5 Rc6+ 46. Kd7 Ra6 47. h6 Kh5 48. h7 Ra7+ 49. Kc6 Ra6+ 50. Kb7
{Black resigns} 1-0

[Event "Team 45 45 League T28"]
[Site "Internet Chess Club"]
[Date "2005.09.19"]
[Round "1"]
[White "Bort"]
[Black "DTK"]
[Result "0-1"]
[WhiteElo "1954"]
[BlackElo "1993"]
[TimeControl "2700+45"]

1. d4 Nf6 2. c4 c5 3. d5 b5 4. Nf3 g6 5. cxb5 a6 6. b6 Qxb6 7. Nc3 Bg7 8. e4 d6
9. Nd2 O-O 10. Nc4 Qc7 11. Be2 Nbd7 12. Bf4 Nb6 13. Ne3 Bd7 14. a4 Rfb8 15. a5
Nc8 16. Qc2 Bb5 17. O-O Bxe2 18. Qxe2 Nh5 19. Bg3 Rb4 20. Nc4 Rab8 21. Na4 Qd7
22. Nxc5 Nxg3 23. hxg3 dxc5 24. Rfb1 Qb5 {White resigns} 0-1

[Event "Team 45 45 League T28"]
[Site "Internet Chess Club"]
[Date "2005.09.18"]
[Round "1"]
[White "tourettes"]
[Black "ApakohKrieger"]
[Result "1-0"]
[WhiteElo "1832"]
[BlackElo "1754"]
[TimeControl "2700+45"]

1. e4 c5 2. Nc3 g6 3. g3 Bg7 4. Bg2 d6 5. Nge2 Nc6 6. O-O e6 7. d3 Nge7 8. f4
O-O 9. h3 d5 10. exd5 exd5 11. Kh2 b6 12. Ng1 d4 13. Ne4 f5 14. Ng5 Bf6 15. Re1
Bxg5 16. fxg5 Ba6 17. Qe2 Nd5 18. Qe6+ Kg7 19. Qxd5 {Black resigns} 1-0